[Event "ICC tourney 2410 (45 10)"]
[Site "Internet Chess Club"]
[Date "2021.02.27"]
[Round "1"]
[White "KUMAR, SRIRAM K:sirking2800"]
[Black "LEVIN, EVGENY A:Assured"]
[Result "0-1"]
[ICCResult "White resigns"]
[WhiteElo "2005"]
[BlackElo "2577"]
[Opening "French: exchange variation"]
[ECO "C01"]
[NIC "FR.01"]
[Time "11:02:46"]
[PlyCount "46"]
[TimeControl "2700+10"]

1. e4 e6 2. d4 d5 3. exd5 exd5 4. Nf3 Bd6 5. Bd3 Ne7 6. O-O Nbc6 7. c3 Bg4
8. Be3 Qd7 9. Nbd2 O-O 10. Qc2 h6 11. Rae1 Rae8 12. Re2 f5 13. c4 Nb4 14.
Qb3 Nxd3 15. Qxd3 c6 16. c5 Bb8 17. Nb3 Qc7 18. Ne5 Bxe2 19. Qxe2 f4 20.
Bd2 Ng6 21. Bc3 f3 22. gxf3 Qc8 23. Nc1 Nf4 { White resigns } 0-1

[Event "ICC tourney 2410 (45 10)"]
[Site "Internet Chess Club"]
[Date "2021.02.27"]
[Round "1"]
[White "FILIPOVICH, DAVID MICHAEL:dmfcan"]
[Black "BERKLEY, DARRIN K:drberkley"]
[Result "1/2-1/2"]
[ICCResult "Game drawn by mutual agreement"]
[WhiteElo "2193"]
[BlackElo "1955"]
[Opening "Réti: King's Indian attack"]
[ECO "A05"]
[NIC "QP.11"]
[Time "11:02:43"]
[PlyCount "57"]
[TimeControl "2700+10"]

1. Nf3 Nf6 2. g3 g6 3. Bg2 Bg7 4. O-O O-O 5. d4 d6 6. b3 e5 7. dxe5 dxe5 8.
Bb2 e4 9. Nd4 Bd7 10. c4 Nc6 11. Nc3 Nxd4 12. Qxd4 Bc6 13. Nd5 Bxd5 14.
cxd5 Qxd5 15. Qxd5 Nxd5 16. Bxg7 Kxg7 17. Bxe4 c6 18. Bxd5 cxd5 19. Rfd1
Rfd8 20. Rac1 Rd7 21. Rd4 Re8 22. e3 Re4 23. Rcd1 Rxd4 24. Rxd4 Kf6 25. Kf1
Ke6 26. Ke2 Rc7 27. Kd2 Rc6 28. Rd3 b5 29. Rd4 { Game drawn by mutual
agreement } 1/2-1/2

[Event "ICC tourney 2410 (45 10)"]
[Site "Internet Chess Club"]
[Date "2021.02.27"]
[Round "1"]
[White "BELOUS, VLADIMIR:Openyagami"]
[Black "SRIPADA, HAVISH:brilliantnessme"]
[Result "1-0"]
[ICCResult "Black checkmated"]
[WhiteElo "2601"]
[BlackElo "2036"]
[Opening "English: Neo-Catalan accepted"]
[ECO "A13"]
[NIC "RE.10"]
[Time "11:02:34"]
[PlyCount "127"]
[TimeControl "2700+10"]

1. c4 e6 2. Nf3 Nf6 3. g3 d5 4. Bg2 dxc4 5. Qa4+ Bd7 6. Qxc4 c5 7. Nc3 Bc6
8. O-O Nbd7 9. e4 Be7 10. e5 Nd5 11. Qg4 g5 12. Qh5 h6 13. d4 N7f6 14. exf6
Nxf6 15. Qh3 g4 16. Qh4 gxf3 17. Bh3 cxd4 18. Rd1 Qb6 19. Bg5 O-O-O 20.
Bxf6 Bxf6 21. Qxf6 dxc3 22. bxc3 Qc7 23. Bg4 h5 24. Bxf3 Bxf3 25. Qxf3
Rxd1+ 26. Rxd1 h4 27. Qf6 Rh5 28. g4 Rd5 29. Rxd5 exd5 30. Kg2 Qc4 31. Kh3
Qxa2 32. Qxf7 Qd2 33. Qf6 Qd3+ 34. Kxh4 Qh7+ 35. Kg3 Qd3+ 36. f3 Qd1 37.
Qe6+ Kc7 38. Qe5+ Kc8 39. Qe3 a5 40. g5 a4 41. g6 Qb1 42. Qe8+ Kc7 43. Qf7+
Kb6 44. g7 Qg1+ 45. Kh3 Qf1+ 46. Kh4 Qf2+ 47. Kg5 Qg2+ 48. Kf6 Qxf3+ 49.
Ke7 Qxc3 50. Qf6+ Qxf6+ 51. Kxf6 a3 52. g8=Q a2 53. Qg1+ d4 54. Qxd4+ Kb5
55. Qb2+ Kc4 56. Qxa2+ Kc3 57. Qb1 b5 58. Qxb5 Kc2 59. Qc4+ Kb1 60. Qe2 Ka1
61. Ke5 Kb1 62. Kd4 Ka1 63. Kc3 Kb1 64. Qb2# { Black checkmated } 1-0

[Event "ICC tourney 2410 (45 10)"]
[Site "Internet Chess Club"]
[Date "2021.02.27"]
[Round "1"]
[White "JORAJURIA MENDOZA, ALGOL:AJM04"]
[Black "VAKHIDOV, JAKHONGIR:TjkTiger"]
[Result "0-1"]
[ICCResult "White resigns"]
[WhiteElo "2050"]
[BlackElo "2605"]
[Opening "Sicilian: closed, 2...Nc6"]
[ECO "B23"]
[NIC "SI.44"]
[Time "11:03:31"]
[PlyCount "52"]
[TimeControl "2700+10"]

1. e4 c5 2. Nc3 Nc6 3. Bb5 Nd4 4. Nf3 a6 5. Bd3 g6 6. Nxd4 cxd4 7. Ne2 d5
8. O-O dxe4 9. Bxe4 Nf6 10. Bf3 Bg7 11. d3 O-O 12. c3 dxc3 13. bxc3 Qc7 14.
d4 Bg4 15. Bf4 Qc4 16. Bxg4 Nxg4 17. Rb1 b5 18. a4 Nf6 19. axb5 axb5 20.
Rb4 Qc6 21. c4 bxc4 22. Qc2 Rfc8 23. Rc1 Nd5 24. Rxc4 Qxc4 25. Qxc4 Rxc4
26. Rxc4 Nxf4 { White resigns } 0-1

[Event "ICC tourney 2410 (45 10)"]
[Site "Internet Chess Club"]
[Date "2021.02.27"]
[Round "1"]
[White "TURCOTTE,JONATHAN:JonnyTurgi"]
[Black "Dragun, Kamil:Dragso95"]
[Result "0-1"]
[ICCResult "White resigns"]
[WhiteElo "2087"]
[BlackElo "2619"]
[Opening "King's Indian: 6.Be2"]
[ECO "E91"]
[NIC "KI.19"]
[Time "11:02:37"]
[PlyCount "70"]
[TimeControl "2700+10"]

1. d4 Nf6 2. c4 g6 3. Nc3 Bg7 4. e4 O-O 5. Nf3 d6 6. Be2 Bg4 7. Be3 Nfd7 8.
Rc1 c5 9. d5 Na6 10. O-O Nc7 11. h3 Bxf3 12. Bxf3 a6 13. a4 Qb8 14. Be2 e6
15. Qd2 exd5 16. exd5 Re8 17. Kh1 f5 18. g4 fxg4 19. hxg4 Qd8 20. Kg2 Nf6
21. f3 Qe7 22. Bg5 Qf8 23. Rh1 Re7 24. Bd3 Rf7 25. Rh3 Re8 26. Rch1 Re5 27.
Bh4 Bh6 28. Qc2 Re3 29. Bxf6 Rxf6 30. Rxh6 Rfxf3 31. Ne4 Qf4 32. Nf6+ Qxf6
33. Bxg6 Rg3+ 34. Kh2 Rg2+ 35. Qxg2 Qf4+ { White resigns } 0-1

[Event "ICC tourney 2410 (45 10)"]
[Site "Internet Chess Club"]
[Date "2021.02.27"]
[Round "1"]
[White "KAPLAN, AVI HARRISON:ChicagoExpert"]
[Black "MASSICK, LAINE:Laine23"]
[Result "1/2-1/2"]
[ICCResult "Game drawn by mutual agreement"]
[WhiteElo "2103"]
[BlackElo "1920"]
[Opening "Nimzo-Indian defense"]
[ECO "E20"]
[NIC "NI.30"]
[Time "11:02:44"]
[PlyCount "86"]
[TimeControl "2700+10"]

1. d4 Nf6 2. c4 e6 3. Nc3 Bb4 4. Bd2 O-O 5. e3 d5 6. cxd5 Nxd5 7. Bd3 Nd7
8. Nf3 Nxc3 9. bxc3 Be7 10. O-O c5 11. Qc2 h6 12. Rad1 Qc7 13. Rfe1 Rd8 14.
e4 Nf8 15. Be3 b6 16. Nd2 Bb7 17. f3 Rac8 18. Qb1 a6 19. Bf2 b5 20. e5 Qa5
21. Rc1 cxd4 22. Nb3 Qc7 23. cxd4 Qb8 24. Be4 Nd7 25. Na5 Bxe4 26. fxe4 Qa8
27. Rcd1 Nb6 28. d5 Na4 29. Nc6 Rxc6 30. dxc6 Rxd1 31. Qxd1 Qxc6 32. Qc1
Qb7 33. Qc2 Nb6 34. Bxb6 Qxb6+ 35. Kh1 b4 36. Rd1 Qb5 37. Qc8+ Kh7 38. Qc7
Qe2 39. Rg1 Bh4 40. Qxf7 Qxa2 41. g3 Bg5 42. h4 Be3 43. h5 Bxg1 { Game
drawn by mutual agreement } 1/2-1/2

[Event "ICC tourney 2410 (45 10)"]
[Site "Internet Chess Club"]
[Date "2021.02.27"]
[Round "1"]
[White "TRANDAFIR, STEFAN:trandaferrari"]
[Black "SAMUELSON, ANDREW:phoenix10q72"]
[Result "0-1"]
[ICCResult "White resigns"]
[WhiteElo "1982"]
[BlackElo "2281"]
[Opening "Sicilian: Najdorf, 6.f4"]
[ECO "B93"]
[NIC "SI.12"]
[Time "11:02:39"]
[PlyCount "104"]
[TimeControl "2700+10"]

1. e4 c5 2. Nf3 d6 3. d4 cxd4 4. Nxd4 Nf6 5. Nc3 a6 6. f4 e5 7. Nf3 Nbd7 8.
Bd3 Be7 9. O-O O-O 10. a4 Nc5 11. Kh1 Bg4 12. h3 Bxf3 13. Qxf3 b5 14. axb5
axb5 15. Rxa8 Qxa8 16. Nd5 Nxd5 17. exd5 b4 18. Bb5 e4 19. Qd1 f5 20. Be3
Qa5 21. Bc6 Bf6 22. Qa1 Qxa1 23. Rxa1 Bxb2 24. Ra7 Rd8 25. Kg1 h5 26. g4
hxg4 27. hxg4 fxg4 28. Kg2 Bf6 29. Kg3 b3 30. cxb3 Nxb3 31. Ra4 Kf7 32.
Rxe4 Nc5 33. Rc4 Nd3 34. Kxg4 g5 35. Ra4 gxf4 36. Bxf4 Kg6 37. Kf3 Be5 38.
Bxe5 Nxe5+ 39. Ke3 Rh8 40. Ra1 Rh3+ 41. Ke4 Rh4+ 42. Ke3 Rc4 43. Bb7 Kf6
44. Ra6 Ke7 45. Ba8 Rc7 46. Ke4 Nd7 47. Kd4 Nc5 48. Ra3 Rc8 49. Re3+ Kf6
50. Rf3+ Kg5 51. Bc6 Rb8 52. Rf8 Rxf8 { White resigns } 0-1

[Event "ICC tourney 2410 (45 10)"]
[Site "Internet Chess Club"]
[Date "2021.02.27"]
[Round "1"]
[White "BRUHA, NICHOLAS:mentosandcoke"]
[Black "SHEEHAN, ETHAN THOMAS:Chessking2008"]
[Result "0-1"]
[ICCResult "White resigns"]
[WhiteElo "1933"]
[BlackElo "2192"]
[Opening "Benoni defense"]
[ECO "A61"]
[NIC "QI.01"]
[Time "11:02:43"]
[PlyCount "70"]
[TimeControl "2700+10"]

1. d4 Nf6 2. c4 e6 3. Nf3 c5 4. d5 exd5 5. cxd5 d6 6. Nc3 g6 7. Bf4 a6 8.
a4 Bg7 9. h3 O-O 10. e3 Bf5 11. Nd2 Re8 12. Be2 Be4 13. Ncxe4 Nxe4 14. Nc4
Nd7 15. O-O Nb6 16. f3 Nxc4 17. Bxc4 Nf6 18. e4 Nh5 19. Be3 Be5 20. Qd2 Qh4
21. f4 Bg7 22. e5 Rad8 23. Bf2 Qxf4 24. Qxf4 Nxf4 25. exd6 Re4 26. Bg3 Nh5
27. Bd3 Rd4 28. Rf3 Nxg3 29. Rxg3 Rxd5 30. Be4 R5xd6 31. Bxb7 Bxb2 32. Rb1
Rb6 33. Be4 Rd4 34. Bc2 Rd2 35. a5 Bd4+ { White resigns } 0-1

[Event "ICC tourney 2410 (45 10)"]
[Site "Internet Chess Club"]
[Date "2021.02.27"]
[Round "1"]
[White "MOREFIELD, JASON P:MBJPM"]
[Black "JAYASUNDERA, SHANE:Ethan03"]
[Result "1-0"]
[ICCResult "Black resigns"]
[WhiteElo "2349"]
[BlackElo "1987"]
[Opening "QGD: Ragozin variation"]
[ECO "D38"]
[NIC "NI.27"]
[Time "11:02:40"]
[PlyCount "123"]
[TimeControl "2700+10"]

1. d4 Nf6 2. c4 e6 3. Nf3 d5 4. Nc3 Bb4 5. cxd5 exd5 6. Bg5 Nbd7 7. Qb3 c5
8. dxc5 Qa5 9. Bxf6 Nxf6 10. Rc1 O-O 11. a3 Bxc5 12. e3 Re8 13. Qb5 Qxb5
14. Nxb5 Bb6 15. Nc7 Bxc7 16. Rxc7 Bd7 17. Bd3 Rac8 18. Rxc8 Rxc8 19. Ke2
Kf8 20. Nd4 g6 21. f3 h5 22. Kd2 Ke7 23. Bc2 Be6 24. Rc1 Nd7 25. Nxe6 fxe6
26. h4 Kd6 27. Rg1 Ne5 28. b3 Rg8 29. Bb1 a5 30. Ke2 Ke7 31. g4 hxg4 32. f4
Nd7 33. Rxg4 Kf7 34. Rg1 b6 35. b4 axb4 36. axb4 Nb8 37. Rc1 Ke7 38. Kf3
Rh8 39. Kg4 Rh6 40. Bd3 Kd6 41. Bb5 Rh8 42. Kg5 d4 43. Bd3 Rh5+ 44. Kg4
dxe3 45. Bxg6 Rh8 46. b5 Nd7 47. h5 Nf6+ 48. Kg5 Nxh5 49. Bxh5 Rf8 50. Rc6+
Kd5 51. Bf3+ Kd4 52. Rxe6 Kd3 53. Rd6+ Kc4 54. Rxb6 Re8 55. Be2+ Kc5 56.
Rc6+ Kd5 57. f5 Rg8+ 58. Rg6 Rc8 59. Kf4 Re8 60. b6 Re4+ 61. Kf3 Rb4 62.
Re6 { Black resigns } 1-0

[Event "ICC tourney 2410 (45 10)"]
[Site "Internet Chess Club"]
[Date "2021.02.27"]
[Round "1"]
[White "GUHA, ROHIT:RG2017"]
[Black "HEBDEN, MARK L:mhebden"]
[Result "1/2-1/2"]
[ICCResult "Game drawn by mutual agreement"]
[WhiteElo "1998"]
[BlackElo "2503"]
[Opening "King's Indian: Gligoric-Taimanov system"]
[ECO "E92"]
[NIC "KI.18"]
[Time "11:02:38"]
[PlyCount "83"]
[TimeControl "2700+10"]

1. d4 Nf6 2. c4 g6 3. Nc3 Bg7 4. e4 d6 5. Nf3 O-O 6. Be2 e5 7. Be3 Ng4 8.
Bg5 f6 9. Bh4 Nc6 10. d5 Ne7 11. Nd2 f5 12. Bxg4 fxg4 13. Bg5 h6 14. Be3 c5
15. O-O g5 16. Rb1 Ng6 17. b4 b6 18. bxc5 bxc5 19. Qa4 Bd7 20. Qa6 Rf6 21.
Nb3 Nf4 22. Na5 h5 23. Nc6 Qe8 24. Nb5 Qf7 25. Qb7 Bxc6 26. dxc6 Qxb7 27.
cxb7 Rb8 28. Bxf4 exf4 29. Nxa7 Rf7 30. Rfd1 Rfxb7 31. Rxb7 Rxb7 32. Nb5
Be5 33. Kf1 f3 34. g3 h4 35. Rd3 Kf7 36. a4 Rb6 37. a5 Ra6 38. Ra3 Ke7 39.
Nc7 Ra7 40. Nb5 Ra6 41. Nc7 Ra7 42. Nb5 { Game drawn by mutual agreement }
1/2-1/2

[Event "ICC tourney 2410 (45 10)"]
[Site "Internet Chess Club"]
[Date "2021.02.27"]
[Round "1"]
[White "IVANOV, ALEXANDER:marble"]
[Black "MEIYAPPAN, ANNAPOORNI:annameiyappan"]
[Result "0-1"]
[ICCResult "White forfeits on time"]
[WhiteElo "2511"]
[BlackElo "2003"]
[Opening "Scandinavian (center counter) defense"]
[ECO "B01"]
[NIC "SD.01"]
[Time "11:02:36"]
[PlyCount "100"]
[TimeControl "2700+10"]

1. e4 d5 2. exd5 Qxd5 3. Nc3 Qa5 4. Nf3 c6 5. g3 Nf6 6. Bg2 Bf5 7. O-O e6
8. Re1 Nbd7 9. h3 Bd6 10. Nh4 Bg6 11. Nxg6 hxg6 12. Rb1 O-O-O 13. a3 Qh5
14. Qxh5 Rxh5 15. b4 Nb6 16. b5 c5 17. a4 Nbd5 18. Nxd5 exd5 19. d3 Re5 20.
Bd2 Rde8 21. Rxe5 Bxe5 22. Kf1 d4 23. a5 Re6 24. Re1 Bc7 25. Rxe6 fxe6 26.
Ke2 b6 27. a6 Kd7 28. Bc6+ Kd6 29. c4 e5 30. f4 Ke6 31. fxe5 Bxe5 32. Kf3
Bd6 33. h4 Nd7 34. Bd5+ Ke7 35. Bg5+ Nf6 36. g4 Be5 37. Bc6 Kf7 38. Bd2 Ke6
39. Bb7 Bc7 40. Bc8+ Ke7 41. g5 Nd7 42. Ke4 Bg3 43. Bb7 Ne5 44. Bd5 Bh2 45.
Ba8 Kd6 46. Be1 Ke6 47. Bb7 Kd6 48. Bc8 Nf7 49. Bg4 Be5 50. Bd2 Bg3 { White
forfeits on time } 0-1

[Event "ICC tourney 2410 (45 10)"]
[Site "Internet Chess Club"]
[Date "2021.02.27"]
[Round "1"]
[White "MIKHALEVSKI, VICTOR:Visam"]
[Black "DAI, GEORGE JINGCHANG:GeorgeDai"]
[Result "1/2-1/2"]
[ICCResult "Game drawn by mutual agreement"]
[WhiteElo "2612"]
[BlackElo "2078"]
[Opening "Réti opening"]
[ECO "A05"]
[NIC "QP.11"]
[Time "11:03:31"]
[PlyCount "100"]
[TimeControl "2700+10"]

1. Nf3 Nf6 2. g3 d5 3. Bg2 g6 4. c4 c6 5. b3 Bg7 6. O-O Ne4 7. d4 O-O 8.
Bb2 Be6 9. Nbd2 Nxd2 10. Qxd2 dxc4 11. Ng5 Qd7 12. Nxe6 Qxe6 13. d5 c3 14.
dxe6 cxd2 15. exf7+ Kxf7 16. Bxg7 Kxg7 17. Rfd1 Rd8 18. Rab1 Na6 19. Rb2
Rd6 20. Rdxd2 Rad8 21. Rxd6 Rxd6 22. f4 Nb4 23. Kf2 Rd1 24. a3 Nd5 25. b4
Ra1 26. Rb3 Nf6 27. h3 a6 28. Rd3 Kf7 29. g4 Nd5 30. Kg3 Nb6 31. Kh4 Nc4
32. Kg5 Rxa3 33. Kh6 Rxd3 34. exd3 Ne3 35. Be4 Kg8 36. d4 e6 37. Bb1 Nd5
38. f5 exf5 39. gxf5 Nxb4 40. fxg6 hxg6 41. Kxg6 a5 42. Kf6 a4 43. Ke6 a3
44. Kd6 a2 45. Bxa2+ Nxa2 46. Kc5 b5 47. d5 cxd5 48. Kxd5 b4 49. Kc4 Nc1
50. Kxb4 Nd3+ { Game drawn by mutual agreement } 1/2-1/2

[Event "ICC tourney 2410 (45 10)"]
[Site "Internet Chess Club"]
[Date "2021.02.27"]
[Round "1"]
[White "NGO, BACH:Dking135799"]
[Black "Ye, Chen-Chen:Solidwrench2"]
[Result "1-0"]
[ICCResult "Black resigns"]
[WhiteElo "2251"]
[BlackElo "1972"]
[Opening "King's Indian: East Indian defense"]
[ECO "A48"]
[NIC "QP.06"]
[Time "11:03:14"]
[PlyCount "126"]
[TimeControl "2700+10"]

1. d4 Nf6 2. Nf3 g6 3. Nc3 d5 4. Bf4 Bg7 5. e3 O-O 6. Be2 a6 7. Ne5 e6 8.
h4 Nfd7 9. h5 Nxe5 10. Bxe5 Bxe5 11. dxe5 Qg5 12. Qd4 Nc6 13. Qd2 Qxe5 14.
O-O-O b5 15. f4 Qd6 16. Qe1 Qe7 17. Bf3 Bb7 18. e4 d4 19. Ne2 Rad8 20. e5
Ba8 21. Ng3 d3 22. Ne4 f5 23. exf6 Rxf6 24. Nxf6+ Qxf6 25. Bxc6 Bxc6 26.
Qe5 Qxe5 27. fxe5 Bxg2 28. Rh2 Bf3 29. Rxd3 Rxd3 30. cxd3 gxh5 31. Kd2 a5
32. Ke3 Bb7 33. Rxh5 a4 34. Kf4 Bd5 35. a3 c6 36. Kg5 Kg7 37. Rh3 Bb3 38.
Rh6 Bd5 39. Rf6 Bb3 40. Kf4 Bd5 41. Ke3 Bb3 42. Kd4 Ba2 43. Kc5 Bd5 44. Kd6
h5 45. Ke7 Bb3 46. d4 Bd5 47. Kd6 Kh7 48. Kc5 Kg7 49. Kb4 Kh7 50. Kc3 Kg7
51. Kd3 h4 52. Rf4 h3 53. Rh4 Bg2 54. Ke3 Kg6 55. Kf4 Bf1 56. Kg3 Kg5 57.
Rg4+ Kh5 58. Rf4 Kg5 59. Rf6 Bg2 60. Rxe6 Kf5 61. Rf6+ Ke4 62. e6 Kxd4 63.
e7 h2 { Black resigns } 1-0

[Event "ICC tourney 2410 (45 10)"]
[Site "Internet Chess Club"]
[Date "2021.02.27"]
[Round "1"]
[White "LIN, LEO FANYUE:Leolix"]
[Black "Vittal, Sanjana:MCTS13"]
[Result "1/2-1/2"]
[ICCResult "Game drawn by mutual agreement"]
[WhiteElo "1967"]
[BlackElo "2195"]
[Opening "Queen's pawn, Mason variation, Steinitz counter-gambit"]
[ECO "D00"]
[NIC "QP.08"]
[Time "11:02:39"]
[PlyCount "158"]
[TimeControl "2700+10"]

1. d4 d5 2. Bf4 c5 3. c3 Nc6 4. e3 Nf6 5. Nd2 Bf5 6. Qb3 Qc8 7. Ngf3 e6 8.
Ne5 Nxe5 9. Bxe5 Nd7 10. Bg3 a6 11. Be2 b5 12. a4 c4 13. Qd1 b4 14. cxb4
Bxb4 15. O-O O-O 16. Rc1 Qd8 17. Nf3 h6 18. Ne5 Nxe5 19. Bxe5 Qb6 20. Bg4
Bh7 21. Bh3 f6 22. Bf4 Bd3 23. Bc7 Qxc7 24. Bxe6+ Qf7 25. Bxf7+ Rxf7 26.
Qf3 Bxf1 27. Kxf1 Rd8 28. Qf5 Re7 29. Rc2 a5 30. Re2 Rc7 31. e4 c3 32. bxc3
Rxc3 33. g3 dxe4 34. Rxe4 Rc1+ 35. Kg2 Rd1 36. Rg4 R8xd4 37. Qxf6 Rxg4 38.
Qe6+ Kh7 39. Qxg4 Rd2 40. Qf5+ Kg8 41. h4 Rd6 42. g4 Rf6 43. Qd5+ Kh7 44.
g5 Rf8 45. Qe4+ Kh8 46. g6 Kg8 47. Qd5+ Kh8 48. h5 Rf6 49. Qe4 Rf8 50. f4
Rf6 51. f5 Rf8 52. Kf3 Rf6 53. Qd5 Rf8 54. Qd7 Rf6 55. Ke4 Rf8 56. Ke5 Bc3+
57. Kd5 Bb4 58. Kc6 Rf6+ 59. Kc7 Rf8 60. Kc6 Rf6+ 61. Kd5 Rf8 62. Ke6 Rf6+
63. Ke5 Rf8 64. Qc6 Rf6 65. Qc4 Rf8 66. Qd4 Rf6 67. Kf4 Rf8 68. Ke4 Rf6 69.
Ke5 Rf8 70. Ke6 Re8+ 71. Kd7 Rf8 72. Qe5 Rf6 73. Qe6 Rf8 74. Qe5 Rf6 75.
Kd8 Rf8+ 76. Kc7 Rf6 77. Kd7 Rf8 78. Qd4 Rxf5 79. Ke6 Rf8 { Game drawn by
mutual agreement } 1/2-1/2

[Event "ICC tourney 2410 (45 10)"]
[Site "Internet Chess Club"]
[Date "2021.02.27"]
[Round "2"]
[White "Dragun, Kamil:Dragso95"]
[Black "NGO, BACH:Dking135799"]
[Result "1-0"]
[ICCResult "Black resigns"]
[WhiteElo "2619"]
[BlackElo "2251"]
[Opening "Bogo-Indian defense, Nimzovich variation"]
[ECO "E11"]
[NIC "QI.01"]
[Time "13:31:24"]
[PlyCount "43"]
[TimeControl "2700+10"]

1. d4 Nf6 2. c4 e6 3. Nf3 Bb4+ 4. Bd2 Qe7 5. Nc3 Bxc3 6. Bxc3 Ne4 7. Rc1
O-O 8. g3 Nxc3 9. Rxc3 d6 10. Bg2 e5 11. O-O c5 12. dxe5 dxe5 13. Re3 f6
14. Nd2 Qc7 15. Ne4 Rd8 16. Rd3 Bd7 17. Nxc5 Qxc5 18. Bxb7 Qc7 19. Bxa8 Na6
20. Bg2 Nc5 21. Rd5 Ne6 22. Bh3 { Black resigns } 1-0

[Event "ICC tourney 2410 (45 10)"]
[Site "Internet Chess Club"]
[Date "2021.02.27"]
[Round "2"]
[White "VAKHIDOV, JAKHONGIR:TjkTiger"]
[Black "MARIAPPAN, ANISH M:Tacticsguy52"]
[Result "1-0"]
[ICCResult "Black checkmated"]
[WhiteElo "2605"]
[BlackElo "1895"]
[Opening "English: Mikenas-Carls variation"]
[ECO "A18"]
[NIC "EO.57"]
[Time "13:32:14"]
[PlyCount "105"]
[TimeControl "2700+10"]

1. c4 Nf6 2. Nc3 e6 3. e4 d5 4. cxd5 exd5 5. e5 d4 6. exf6 dxc3 7. Bb5+ c6
8. Qe2+ Be6 9. Bc4 cxd2+ 10. Bxd2 Qxf6 11. Nf3 Bd6 12. Bc3 Qe7 13. O-O O-O
14. Rfe1 Bxc4 15. Qxc4 Qc7 16. Rad1 Rd8 17. Ng5 Bxh2+ 18. Kh1 Rxd1 19. Rxd1
Na6 20. Qe4 g6 21. Qd4 Be5 22. Qxe5 Qxe5 23. Bxe5 Re8 24. f4 Nc5 25. b4 h6
26. Nxf7 Kxf7 27. bxc5 Re7 28. Rd6 h5 29. Rf6+ Kg7 30. Rxc6+ Kh6 31. Rc8 g5
32. Rh8+ Kg6 33. Rg8+ Kf5 34. Rxg5+ Ke4 35. Rxh5 Ke3 36. Rh3+ Kf2 37. Rf3+
Ke2 38. Kg1 Rd7 39. Bd6 b6 40. f5 bxc5 41. Bxc5 Rd1+ 42. Kh2 Rd7 43. f6
Rh7+ 44. Kg1 Rf7 45. Be7 a5 46. Rh3 a4 47. g4 a3 48. g5 Rxe7 49. fxe7 Kd2
50. e8=Q Kc2 51. Qe2+ Kc1 52. Rh1 Kb1 53. Kh2# { Black checkmated } 1-0

[Event "ICC tourney 2410 (45 10)"]
[Site "Internet Chess Club"]
[Date "2021.02.27"]
[Round "2"]
[White "SRIPADA, HAVISH:brilliantnessme"]
[Black "KUMAR, SRIRAM K:sirking2800"]
[Result "0-1"]
[ICCResult "White resigns"]
[WhiteElo "2036"]
[BlackElo "2005"]
[Opening "Ruy Lopez: closed, Chigorin, 12...c5d4"]
[ECO "C99"]
[NIC "RL.24"]
[Time "13:32:09"]
[PlyCount "70"]
[TimeControl "2700+10"]

1. e4 e5 2. Nf3 Nc6 3. Bb5 a6 4. Ba4 Nf6 5. O-O Be7 6. Re1 b5 7. Bb3 O-O 8.
c3 d6 9. h3 Na5 10. Bc2 c5 11. d4 Qc7 12. Nbd2 cxd4 13. cxd4 Nc6 14. a3
exd4 15. Nb3 Ne5 16. Nbxd4 Bb7 17. Nxe5 dxe5 18. Nf5 Bc5 19. Be3 Rfd8 20.
Qc1 Bf8 21. f3 Rac8 22. Bb3 Qa5 23. Qb1 Rc7 24. Qa2 Bc8 25. Red1 Rxd1+ 26.
Rxd1 Bxf5 27. exf5 Nh5 28. Kh2 Nf4 29. Bxf4 exf4 30. Bxf7+ Kh8 31. Rd8 Rxf7
32. Rc8 Rf6 33. Qe6 b4 34. Qd6 Qxf5 35. Rd8 Rxd6 { White resigns } 0-1

[Event "ICC tourney 2410 (45 10)"]
[Site "Internet Chess Club"]
[Date "2021.02.27"]
[Round "2"]
[White "SAMUELSON, ANDREW:phoenix10q72"]
[Black "BELOUS, VLADIMIR:Openyagami"]
[Result "0-1"]
[ICCResult "White resigns"]
[WhiteElo "2281"]
[BlackElo "2601"]
[Opening "Sicilian: Labourdonnais-Löwenthal (Kalashnikov) variation"]
[ECO "B32"]
[NIC "SI.32"]
[Time "13:31:19"]
[PlyCount "80"]
[TimeControl "2700+10"]

1. e4 c5 2. Nf3 Nc6 3. d4 cxd4 4. Nxd4 e5 5. Nb5 d6 6. N1c3 a6 7. Na3 b5 8.
Nd5 Nge7 9. c4 Nxd5 10. exd5 Nd4 11. cxb5 g6 12. bxa6 Bg7 13. Bc4 O-O 14.
O-O Qh4 15. Be3 Nf5 16. Bd2 e4 17. Bc3 Bxc3 18. bxc3 Qg5 19. f4 Qd8 20. Re1
Qa5 21. Nb5 Bxa6 22. a4 Rfc8 23. Bf1 Bxb5 24. Bxb5 Rxc3 25. Rxe4 Ne3 26.
Qe1 Nc2 27. Re8+ Rxe8 28. Qxe8+ Kg7 29. Rf1 Ne3 30. Re1 Qb6 31. Kh1 Qd4 32.
f5 Ng4 33. f6+ Kh6 34. Qf8+ Kg5 35. h4+ Kh5 36. Be2 Rh3+ 37. gxh3 Qe4+ 38.
Kg1 Qe3+ 39. Kh1 Qxh3+ 40. Kg1 Qh2+ { White resigns } 0-1

[Event "ICC tourney 2410 (45 10)"]
[Site "Internet Chess Club"]
[Date "2021.02.27"]
[Round "2"]
[White "Ye, Chen-Chen:Solidwrench2"]
[Black "JORAJURIA MENDOZA, ALGOL:AJM04"]
[Result "0-1"]
[ICCResult "White resigns"]
[WhiteElo "1972"]
[BlackElo "2050"]
[Opening "Sicilian: Pelikan, Chelyabinsk variation"]
[ECO "B33"]
[NIC "SI.37"]
[Time "13:31:38"]
[PlyCount "58"]
[TimeControl "2700+10"]

1. e4 c5 2. Nf3 Nc6 3. d4 cxd4 4. Nxd4 Nf6 5. Nc3 e5 6. Ndb5 d6 7. Bg5 a6
8. Na3 b5 9. Nd5 Be7 10. Bxf6 Bxf6 11. c4 b4 12. Nc2 O-O 13. g3 a5 14. Bg2
Be6 15. O-O a4 16. b3 axb3 17. axb3 Rxa1 18. Nxf6+ gxf6 19. Qxa1 Qb6 20.
Rd1 Ne7 21. Qa4 Rb8 22. Ne3 Rb7 23. Ra1 Kg7 24. Nf5+ Bxf5 25. exf5 Rc7 26.
g4 Qd4 27. h3 d5 28. cxd5 Rc2 29. Qa7 Rc1+ { White resigns } 0-1

[Event "ICC tourney 2410 (45 10)"]
[Site "Internet Chess Club"]
[Date "2021.02.27"]
[Round "2"]
[White "SHEEHAN, ETHAN THOMAS:Chessking2008"]
[Black "MOREFIELD, JASON P:MBJPM"]
[Result "0-1"]
[ICCResult "White resigns"]
[WhiteElo "2192"]
[BlackElo "2349"]
[Opening "QGD semi-Slav: 5...Nd7"]
[ECO "D45"]
[NIC "SL.08"]
[Time "13:31:26"]
[PlyCount "94"]
[TimeControl "2700+10"]

1. d4 d5 2. c4 c6 3. Nc3 Nf6 4. e3 e6 5. Nf3 Nbd7 6. cxd5 exd5 7. Bd3 Bd6
8. O-O O-O 9. Bd2 Re8 10. Ne2 Ne4 11. Ng3 Ndf6 12. b4 h5 13. b5 Bg4 14.
bxc6 bxc6 15. Be2 g6 16. Rc1 Rc8 17. Re1 Kg7 18. Nf1 h4 19. h3 Bd7 20. Rb1
g5 21. N3h2 Qc7 22. Ng4 Nxg4 23. Bxg4 f5 24. Bh5 Rh8 25. Bb4 Nf6 26. Be2 g4
27. hxg4 fxg4 28. Bxd6 Qxd6 29. Qa4 Ne4 30. Rb7 Rc7 31. Rxc7 Qxc7 32. Bd3
Ng5 33. Qb4 Re8 34. Rb1 g3 35. fxg3 h3 36. Qb7 Qd6 37. Qxa7 hxg2 38. Kxg2
Re7 39. Qb8 Qh6 40. Qf4 Qh3+ 41. Kg1 Qh5 42. Qd6 Nf3+ 43. Kf2 Rf7 44. Ke2
Ne5+ 45. Kd2 Nxd3 46. Rb7 Nf2 47. Qxd7 Qd1+ { White resigns } 0-1

[Event "ICC tourney 2410 (45 10)"]
[Site "Internet Chess Club"]
[Date "2021.02.27"]
[Round "2"]
[White "JAYASUNDERA, SHANE:Ethan03"]
[Black "TURCOTTE,JONATHAN:JonnyTurgi"]
[Result "0-1"]
[ICCResult "White resigns"]
[WhiteElo "1987"]
[BlackElo "2087"]
[Opening "Caro-Kann: advance variation"]
[ECO "B12"]
[NIC "CK.04"]
[Time "13:31:21"]
[PlyCount "76"]
[TimeControl "2700+10"]

1. e4 c6 2. d4 d5 3. e5 Bf5 4. h4 h5 5. Bd3 Bxd3 6. Qxd3 Qa5+ 7. Nd2 Qa6 8.
c4 e6 9. Ngf3 Nh6 10. O-O Nf5 11. g3 dxc4 12. Nxc4 Nd7 13. b3 Be7 14. Bg5
Nb6 15. Bxe7 Kxe7 16. Rfd1 Rad8 17. Qc2 Nd5 18. a3 Rh6 19. b4 Rg6 20. Rab1
Rg4 21. a4 b6 22. Nd6 Nxg3 23. fxg3 Rxg3+ 24. Kf2 Rg2+ 25. Kxg2 Ne3+ 26.
Kf2 Nxc2 27. a5 Rxd6 28. exd6+ Kxd6 29. Rdc1 Qd3 30. Rd1 Qe3+ 31. Kg3 Qe4
32. Rd2 f6 33. Kf2 g5 34. hxg5 fxg5 35. Nxg5 Qe3+ 36. Kf1 Qxg5 37. Ke2 Qe3+
38. Kd1 Nxd4 { White resigns } 0-1